Map: Oxide LE

Players

Scarlett

  • Race: Zerg Zerg

Astrea - Winner!

  • Race: Protoss Protoss
  • League: Master

Event: DreamHack SC2 Masters 2021 Summer

VOD

Have the link to the VOD?

Description

Time

  • Played on: June 2, 2021, 3:53 p.m.
  • Length: 11:04

All games in this series

Show
View Real Time Build Order
Export as new Build Order

Scarlett Zerg 

Build Orders: Hatch First, Muta Ling Bane 

Get SALT Encoding   

  12  0:00  Drone  
  13  0:12  Overlord  
  13  0:16  Drone  
  14  0:30  Drone x2  
  16  0:45  Drone  
  17  0:52  Hatchery  
  17  0:54  Drone  
  17  0:58  Drone  
  18  1:08  Extractor  
  17  1:13  Spawning Pool  
  17  1:15  Drone  
  17  1:19  Drone  
  18  1:27  Drone  
  19  1:38  Drone  
  20  1:49  Overlord  
  20  1:59  Queen  
  22  2:04  Queen, Zergling x2  
  22  2:05  Drone  
  26  2:11  Drone  
  26  2:12  Metabolic Boost  
  27  2:18  Drone  
  28  2:24  Zergling x2  
  28  2:29  Drone  
  30  2:34  Hatchery  
  29  2:39  Drone  
  30  2:45  Queen  
  30  2:48  Overlord  
  32  2:53  Drone x2  
  34  3:02  Drone  
  34  3:03  Drone  
  36  3:07  Drone  
  36  3:08  Drone x3  
  36  3:11  Drone  
  41  3:18  Overlord  
  41  3:19  Queen  
  42  3:22  Drone  
  43  3:27  Roach Warren  
  43  3:33  Extractor, Drone x2  
  43  3:37  Drone  
  43  3:38  Drone  
  43  3:40  Drone x2  
  47  3:41  Drone  
  47  3:47  Drone  
  47  3:48  Overlord  
  49  3:54  Overlord  
  49  3:57  Zergling x2  
  49  3:58  Zergling x4  
  52  4:07  Roach x3  
  58  4:11  Zergling x8  
  58  4:16  Spore Crawler  
  61  4:17  Spore Crawler  
  61  4:19  Spore Crawler  
  61  4:21  Zergling x6  
  61  4:27  Zergling x6  
  61  4:28  Ravager  
  61  4:29  Ravager  
  66  4:32  Zergling x4  
  66  4:35  Zergling x2  
  69  4:40  Zergling x4  
  71  4:46  Overlord  
  71  4:50  Zergling x6  
  71  4:51  Overlord  
  73  4:57  Overlord  
  73  5:08  Drone x7  
  78  5:18  Drone x5  
  80  5:23  Drone  
  80  5:26  Drone x2  
  81  5:32  Drone x3  
  81  5:39  Drone  
  81  5:40  Drone x2  
  83  5:44  Ravager  
  83  5:45  Evolution Chamber  
  83  5:47  Drone x3  
  86  5:55  Lair  
  86  5:56  Drone x2, Extractor  
  87  5:59  Drone x3  
  90  6:05  Drone x4  
  90  6:08  Extractor  
  90  6:09  Overlord  
  90  6:10  Extractor  
  92  6:13  Overlord  
  91  6:20  Drone x5  
  96  6:25  Zerg Missile Weapons Level 1  
  96  6:26  Overlord  
  96  6:28  Roach  
  96  6:29  Overlord  
  96  6:30  Roach  
  96  6:32  Hatchery  
  99  6:34  Roach x2  
  99  6:37  Extractor, Roach x2  
  106  6:41  Drone  
  106  6:45  Roach x3  
  113  6:47  Roach  
  113  6:48  Roach  
  117  6:58  Roach x6  
  117  7:00  Roach  
  122  7:04  Roach  
  113  7:12  Roach x5  
  113  7:14  Roach  
  110  7:24  Drone x3  
  110  7:27  Drone x3  
  107  7:38  Drone x3  
  107  7:39  Spire  
  107  7:42  Drone x3, Baneling Nest  
  111  7:50  Queen  
  113  7:51  Drone x4  
  113  7:55  Drone  
  118  8:02  Zergling x4, Overlord  
  118  8:03  Glial Reconstitution  
  120  8:08  Drone x6  
  120  8:09  Overseer  
  126  8:13  Overseer  
  126  8:14  Overlord x2  
  126  8:18  Drone  
  126  8:19  Drone x6  
  133  8:31  Overlord x2  
  133  8:32  Overlord  
  133  8:33  Centrifical Hooks, Zerg Melee Weapons Level 1  
  132  8:36  Drone x4  
  132  8:39  Drone  
  137  8:46  Drone x4  
  137  8:47  Overlord x2  
  137  8:48  Overlord  
  141  8:49  Extractor  
  141  8:54  Hatchery  
  139  8:56  Mutalisk x3  
  145  9:03  Extractor  
  145  9:08  Mutalisk x5  
  151  9:12  Zergling x8  
  155  9:26  Zergling x20  
  155  9:29  Ravager x5  
  155  9:30  Ravager x5  
  174  9:31  Baneling x3  
  174  9:32  Zergling x2  
  174  9:35  Zergling x6  
  174  9:36  Zergling x4  
  174  9:38  Baneling x5  
  180  9:41  Zergling x12  
  180  9:43  Zergling x4  
  188  9:50  Zergling x4  
  188  9:52  Baneling x12  
  188  9:57  Zergling x6  
  189  10:05  Infestation Pit  
  188  10:08  Zergling x20  
  188  10:10  Ravager  
  199  10:15  Hatchery  
  199  10:17  Spine Crawler  
  199  10:20  Baneling  
  199  10:21  Baneling x11  
  197  10:28  Zergling x12  
  199  10:33  Roach x2  
  191  10:39  Zergling x4, Roach x6  
Show
View Real Time Build Order
Export as new Build Order

Astrea Protoss - Winner!

Build Orders: 1 Gate Expand, Mass Adepts 

Get SALT Encoding   

  12  0:00  Probe  
  13  0:12  Probe  
  14  0:19  Pylon  
  14  0:24  Probe  
  15  0:37  Probe (Chrono Boost)  
  15  0:39  Gateway  
  16  0:46  Probe (Chrono Boost)  
  16  0:49  Assimilator  
  17  0:51  Probe (Chrono Boost)  
  18  1:03  Probe  
  19  1:15  Probe  
  20  1:25  Nexus  
  20  1:35  Cybernetics Core  
  20  1:38  Probe  
  21  1:45  Assimilator  
  21  1:50  Probe  
  21  1:52  Pylon  
  22  2:02  Probe  
  23  2:09  Adept (Chrono Boost)  
  23  2:10  Probe  
  23  2:11  Warp Gate  
  26  2:18  Probe  
  27  2:29  Probe  
  27  2:30  Stalker (Chrono Boost)  
  27  2:35  Twilight Council  
  30  2:37  Probe  
  30  2:41  Probe  
  32  2:49  Probe  
  33  2:52  Robotics Facility  
  33  2:54  Probe  
  34  3:06  Gateway  
  34  3:07  Gateway  
  34  3:12  Probe x2  
  36  3:15  Resonating Glaives (Chrono Boost)  
  36  3:22  Adept  
  36  3:24  Probe x2  
  40  3:35  Gateway  
  40  3:36  Warp Prism (Chrono Boost)  
  42  3:44  Pylon  
  42  3:46  Probe x2  
  44  3:58  Probe x2  
  44  4:02  Adept x3  
  50  4:05  Observer, Pylon  
  53  4:14  Pylon  
  53  4:24  Adept x3  
  57  4:29  Adept  
  61  4:46  Adept x3  
  61  4:50  Pylon  
  61  4:51  Pylon  
  61  4:52  Probe x2  
  69  5:04  Probe  
  70  5:08  Probe, Immortal (Chrono Boost)  
  70  5:10  Nexus  
  70  5:12  Pylon  
  71  5:25  Probe x2  
  73  5:37  Probe  
  73  5:38  Probe  
  73  5:42  Pylon, Assimilator  
  69  5:43  Assimilator  
  69  5:45  Immortal (Chrono Boost)  
  69  5:49  Probe  
  74  5:51  Probe  
  74  5:52  Adept x4  
  83  6:02  Probe  
  83  6:03  Probe  
  85  6:14  Probe  
  85  6:15  Probe  
  87  6:19  Adept x4  
  87  6:21  Blink  
  87  6:24  Probe  
  96  6:26  Probe  
  96  6:27  Probe  
  96  6:28  Shield Battery  
  96  6:32  Forge, Robotics Bay  
  98  6:36  Probe (Chrono Boost)  
  99  6:40  Probe (Chrono Boost)  
  99  6:44  Probe (Chrono Boost)  
  99  6:45  Sentry  
  103  6:48  Probe (Chrono Boost)  
  103  6:52  Probe (Chrono Boost)  
  106  6:56  Probe (Chrono Boost)  
  106  7:00  Adept x2  
  106  7:01  Adept  
  108  7:13  Probe  
  108  7:14  Probe  
  106  7:19  Probe  
  106  7:22  Protoss Ground Weapons Level 1 (Chrono Boost)  
  99  7:25  Probe  
  99  7:26  Probe, Observer  
  93  7:31  Probe, Disruptor (Chrono Boost)  
  93  7:36  Stalker x4  
  93  7:37  Probe  
  93  7:38  Probe  
  93  7:39  Assimilator  
  93  7:40  Photon Cannon, Assimilator  
  93  7:42  Gateway x2  
  93  7:44  Shield Battery  
  95  7:52  Photon Cannon  
  95  7:58  Disruptor (Chrono Boost)  
  95  8:03  Adept  
  100  8:06  Gateway  
  100  8:09  Gateway  
  100  8:10  Stalker x3  
  100  8:11  Pylon  
  106  8:15  Pylon  
  106  8:23  Colossus (Chrono Boost)  
  112  8:28  Photon Cannon  
  112  8:29  Pylon  
  112  8:39  Nexus  
  112  8:46  Pylon, Stalker x6  
  124  8:51  Pylon, Extended Thermal Lance  
  124  8:52  Pylon  
  124  9:11  Colossus  
  124  9:13  Probe x3  
  124  9:16  Pylon  
  133  9:17  Sentry x2  
  133  9:19  Photon Cannon  
  133  9:21  Shield Battery  
  137  9:27  Probe x3  
  140  9:39  Probe x3  
  140  9:40  Assimilator  
  140  9:42  Stalker x4  
  140  9:43  Assimilator  
  151  9:46  Stalker  
  151  10:03  Probe x3  
  152  10:08  Photon Cannon  
  152  10:09  Photon Cannon  
  150  10:19  Stalker x8  
  166  10:28  Pylon  
  166  10:31  Pylon  
  166  10:46  Stalker x8  
Tags
 
Add a new tag
Caveats
  • Supply blocks, unpowered buildings, or Contaminate may cause inaccurate times.
  • Supply counts are checked every 10 seconds.